Map: Blueshift LE

Players

Vermin - Winner!

  • Race: Protoss Protoss
  • League: Diamond
  • Spawn Location: 1:00

Woogie

  • Race: Zerg Zerg
  • League: Diamond
  • Spawn Location: 7:00

VOD

Have the link to the VOD?

Description

Trying to be tricky against a Protoss when I should just fight him straight up when I see the 2nd gate early.

Time

  • Played on: Sept. 19, 2018, 8:43 p.m.
  • Length: 6:59
Show
View Real Time Build Order
Export as new Build Order

Vermin Protoss - Winner!

Build Orders: 1 Gate Expand 

Get SALT Encoding   

  12  0:01  Probe  
  13  0:13  Probe  
  14  0:20  Pylon  
  14  0:24  Probe  
  15  0:34  Probe  
  15  0:41  Gateway  
  16  0:43  Probe  
  16  0:48  Assimilator  
  17  0:55  Probe  
  18  1:07  Probe  
  19  1:19  Probe  
  19  1:24  Zealot  
  20  1:28  Nexus  
  20  1:35  Probe  
  23  1:42  Pylon  
  23  1:52  Cybernetics Core  
  23  2:00  Assimilator, Probe  
  24  2:13  Probe  
  24  2:27  Probe  
  25  2:35  Twilight Council  
  25  2:36  Probe x2  
  27  2:44  Probe  
  27  2:45  Adept  
  27  2:48  Probe  
  27  2:50  Shield Battery  
  30  2:54  Probe  
  30  2:56  Warp Gate  
  32  3:00  Probe  
  33  3:06  Probe  
  33  3:07  Charge, Robotics Facility  
  33  3:12  Probe  
  35  3:18  Probe  
  37  3:32  Pylon  
  38  3:36  Zealot  
  38  3:55  Warp Prism  
  40  4:01  Gateway  
  38  4:03  Gateway x2  
  38  4:06  Gateway  
  38  4:12  Gateway  
  38  4:13  Gateway  
  38  4:14  Gateway  
  38  4:32  Pylon  
  38  4:33  Pylon  
  38  4:36  Pylon  
  33  5:04  Zealot x3  
  33  5:05  Zealot x2  
  41  5:19  Zealot x2  
  41  5:20  Zealot  
  47  5:28  Zealot x3  
  47  5:29  Zealot x2  
  49  5:44  Zealot  
  49  5:48  Zealot  
  49  5:49  Zealot x2  
  32  6:16  Zealot  
Show
View Real Time Build Order
Export as new Build Order

Woogie Zerg 

Build Orders: Pool First 

Get SALT Encoding   

  12  0:01  Drone  
  13  0:09  Drone  
  14  0:27  Spawning Pool  
  13  0:32  Overlord  
  13  0:36  Drone  
  14  0:51  Drone x2  
  14  0:54  Drone  
  17  1:13  Hatchery  
  17  1:15  Drone  
  17  1:18  Extractor  
  17  1:20  Drone  
  17  1:29  Queen  
  19  1:34  Drone  
  19  1:37  Drone  
  21  1:53  Zergling x2  
  22  2:02  Overlord  
  22  2:25  Queen  
  22  2:29  Queen, Metabolic Boost  
  26  2:32  Drone x4  
  31  2:37  Drone  
  31  2:47  Overlord  
  31  2:48  Drone x3  
  34  2:59  Drone x2  
  34  3:04  Lair  
  36  3:20  Overlord  
  36  3:21  Drone x3  
  39  3:27  Baneling Nest  
  38  3:37  Zergling x10  
  39  4:05  Pneumatized Carapace  
  39  4:18  Drone x6, Extractor  
  39  4:19  Extractor  
  43  4:30  Hatchery  
  42  4:32  Baneling x2  
  42  4:38  Queen  
  44  4:39  Drone  
  44  4:40  Drone x5  
  50  5:01  Baneling x2  
  50  5:07  Zergling x2  
  51  5:17  Queen  
  51  5:19  Queen  
  48  5:35  Zergling x20  
  30  5:50  Zergling x2  
  30  5:51  Zergling x2  
  30  5:53  Queen  
  30  5:54  Queen  
  30  5:55  Queen, Zergling x6  
Tags
 
Add a new tag
Caveats
  • Supply blocks, unpowered buildings, or Contaminate may cause inaccurate times.
  • Supply counts are checked every 10 seconds.